 Dungeon Crawl Stone Soup version 0.30.1-11-g7821555f0a (webtiles) character file.

Game seed: 3932681452443704320

602 fireball365 the Chopper (level 7, -10/60 HPs)
             Began as a Hill Orc Fighter on Nov 18, 2023.
             Mangled by Duvessa
             ... wielding a +0 short sword
              (15 damage)
             ... on level 4 of the Dungeon.
             The game lasted 00:06:59 (3867 turns).

fireball365 the Chopper (Hill Orc Fighter)          Turns: 3867, Time: 00:07:00

Health: -10/60     AC: 10    Str: 21    XL:     7   Next: 41%
Magic:  7/7        EV:  7    Int:  8    God:
Gold:   277        SH: 14    Dex: 10    Spells: 6/6 levels left

rFire   . . .        a - +0 war axe
rCold   . . .        u - +2 tower shield
rNeg    . . .        b - +0 scale mail
rPois   .            f - +0 helmet
rElec   .            s - +0 cloak
rCorr   .            (no gloves)
SInv    .            g - +0 pair of boots
Will    .....        (no amulet) Stlth
                     (no ring)
HPRegen 0.30/turn    (no ring)
MPRegen 0.10/turn

%: no passive effects
@: no status effects
A: no striking features
a: no special abilities


You were on level 4 of the Dungeon.
You visited 1 branch of the dungeon, and saw 4 of its levels.
You also visited: Sewer.

You collected 277 gold pieces.

Inventory:

Hand Weapons
 a - a +0 war axe (weapon)
Armour
 b - a +0 scale mail (worn)
 c - a +0 buckler
 f - a +0 helmet (worn)
 g - a +0 pair of boots (worn)
 s - a +0 cloak (worn)
 u - a +2 tower shield (worn)
 A - the +2 robe of Neirrom {Drain rF+++ rN+ Regen+}
   (You found it on level 3 of the Dungeon)

   rF:        It renders you almost immune to fire.
   rN:        It protects you from negative energy.
   Regen:     It increases your rate of health regeneration.
   Drain:     It drains your maximum health when unequipped.
Jewellery
 z - a ring of protection from fire
Wands
 n - a wand of flame (5)
 r - a wand of iceblast (3)
Scrolls
 h - 6 scrolls of teleportation
 i - 2 scrolls of fear
 k - a scroll of amnesia
 m - a scroll of identify
 v - a scroll of poison {unknown}
 w - a scroll of blinking
 x - 3 scrolls of fog
 y - a scroll of immolation {unknown}
Potions
 d - a potion of might
 e - a potion of heal wounds {unknown}
 j - a potion of attraction {unknown}
 o - 2 potions of flight
 p - a potion of haste
 q - 2 potions of invisibility
 t - a potion of degeneration {unknown}
 B - a potion of brilliance {unknown}


   Skills:
 + Level 4.9 Fighting
 + Level 6.7 Axes
 + Level 4.8 Armour
 + Level 1.4 Dodging
 + Level 0.1 Stealth
 + Level 5.2 Shields
 + Level 0.1 Evocations


You had 6 spell levels left.
You didn't know any spells.
Your spell library contained the following spells:

 Spells                   Type           Power      Damage    Failure   Level
 Beastly Appendage        Tmut           0%         N/A       100%        1
 Sublimation of Blood     Necr           0%         N/A       100%        2
 Wereblood                Tmut           0%         N/A       100%        2
 Spider Form              Tmut/Pois      0%         N/A       100%        3
 Summon Hydra             Summ           0%         N/A       100%        7


Dungeon Overview and Level Annotations

Branches:
Dungeon (4/15)              Sewer (visited)
 Temple: D:4-7

Altars:

Annotations:
D:4 Duvessa


Message History

You block Duvessa's attack. x2
Aiming: Throw Flame
Press: ? - help, Q - select action, (/) - cycle Shift-Dir - straight line The puff of flame misses Duvessa.
You block Duvessa's attack.
You hit the endoplasm.
The endoplasm is heavily wounded.
You barely miss Duvessa. Duvessa hits you with a +0 short sword!
* * * LOW HITPOINT WARNING * * *
The endoplasm hits you but does no damage.
Duvessa barely misses you. The endoplasm freezes you.
You are frozen.
* * * LOW HITPOINT WARNING * * *
You hit Duvessa.
Duvessa is severely wounded.
You hit the endoplasm but do no damage. You block Duvessa's attack.
Duvessa hits you with a +0 short sword!
* * * LOW HITPOINT WARNING * * *
You block the endoplasm's attack.
You feel better. You block Duvessa's attack. The endoplasm freezes you.
You are frozen.
* * * LOW HITPOINT WARNING * * *
You block Duvessa's attack.
Aiming: Throw Flame
Press: ? - help, Q - select action, (/) - cycle Shift-Dir - straight line The puff of flame hits Duvessa but does no damage.
Duvessa is severely wounded.
Duvessa hits you with a +0 short sword.
* * * LOW HITPOINT WARNING * * *
The endoplasm freezes you.
You are frozen.
* * * LOW HITPOINT WARNING * * *
You slash Duvessa!
Duvessa is almost dead.
You slash the endoplasm!
You kill the endoplasm!
You block Duvessa's attack. Duvessa hits you with a +0 short sword!
You die...

### ###########...
##~##
.............
#~~~~
##............
#~~~#
#.............
##~##
#.............
#~#~
#.............
#÷#~
#.............
##~##
.####.....@e......
#~~~#
..................
#~~~#
...........[.....#
##~##
.######)##########
##.# #..## #..##
##.†#######..#
#....
###..........#
#....
#.).#...######
#....
#######.....###
#....


You could see Duvessa (berserk).

Vanquished Creatures
  Grinder (D:4)
  A black bear (D:4)
  Dowan (D:4)
  2 iguanas (D:4)
  A hell rat (Sewer)
  4 gnolls (D:3)
  6 adders
  2 river rats (Sewer)
  A worm (D:4)
  5 dart slugs
  An orc (D:3)
  4 bats (D:1)
  4 endoplasms
  6 giant cockroaches
  7 goblins
  11 hobgoblins
  6 kobolds
  2 quokkas (D:1)
  4 ball pythons
  5 frilled lizards
  11 rats
85 creatures vanquished.

Notes
Turn   | Place    | Note
-------+----------+-------------------------------------------
     0 | D:1      | fireball365 the Hill Orc Fighter began the quest for the
                  | Orb.
     0 | D:1      | Reached XP level 1. HP: 19/19 MP: 1/1
   147 | D:1      | Reached XP level 2. HP: 27/27 MP: 2/2
   461 | D:1      | Reached skill level 3 in Axes
   463 | D:1      | Reached XP level 3. HP: 20/33 MP: 3/3
  1725 | D:2      | Reached XP level 4. HP: 40/40 MP: 4/4
  1896 | D:2      | Found a faded altar of an unknown god.
  2090 | D:3      | Reached skill level 4 in Axes
  2388 | D:3      | Identified the +2 robe of Neirrom {Drain rF+++ rN+ Regen+}
  2525 | D:3      | Reached XP level 5. HP: 29/46 MP: 5/5
  3282 | D:4      | Reached skill level 5 in Axes
  3439 | D:4      | Found a glowing drain.
  3456 | Sewer    | Entered a sewer
  3538 | Sewer    | Reached XP level 6. HP: 33/53 MP: 6/6
  3657 | D:4      | Noticed Dowan
  3657 | D:4      | Noticed Grinder
  3657 | D:4      | Noticed a black bear
  3657 | D:4      | Noticed Duvessa
  3677 | D:4      | Killed Dowan
  3678 | D:4      | Reached skill level 1 in Dodging
  3681 | D:4      | Killed a black bear
  3682 | D:4      | Reached skill level 6 in Axes
  3690 | D:4      | Paralysed by Grinder for 5 turns
  3710 | D:4      | Paralysed by Grinder for 5 turns
  3715 | D:4      | Killed Grinder
  3716 | D:4      | Reached skill level 5 in Shields
  3716 | D:4      | Reached XP level 7. HP: 24/60 MP: 7/7
  3867 | D:4      | Mangled by Duvessa

Illustrated notes

Levels and vault maps discovered:
D:1:      dpeg_arrival_leaves_temple_mockup, layout_basic,
          minmay_gold_behind_fungi, hangedman_decor_clover_reticule
D:2:      layout_loops_corners, basic_ecumenical_altar
D:3:      kennysheep_six_static_rooms, layout_basic, chequers_big_river,
          minmay_starry_boxes
D:4:      layout_rooms, grunt_temple_overflow_champion_of_chaos,
          gup_sewer_entry_bubbles, kennysheep_generic_room_16, uniq_duvessa,
          uniq_grinder

Skill      XL: |  1  2  3  4  5  6 |
---------------+-------------------+-----
Fighting       | 4 |  4.9
Axes           | 3 4 5 6 |  6.7
Armour         | 4 |  4.8
Shields        | 4 5 |  5.2
Dodging        | 1 |  1.4
Stealth        | |  0.1
Evocations     | |  0.1

Action                     |  1- 3 |  4- 6 |  7- 9 || total
---------------------------+-------+-------+-------++-------
  Melee: War axe           |    99 |   190 |    17 ||   306
  Evoke: Wand              |       |     1 |     5 ||     6
    Use: Scroll            |     3 |     7 |       ||    10
         Potion            |       |     1 |     3 ||     4
 Armour: Scale mail        |    51 |    77 |     6 ||   134
  Dodge: Dodged            |    48 |    58 |     4 ||   110
  Block: Buckler           |    21 |     5 |       ||    26
         Tower shield      |       |   155 |    25 ||   180
